 Dungeon Crawl Stone Soup version 0.31.0-11-ge490571c62 (webtiles) character file.

Game seed: 14126746819976371771

308 stipulation the Grave Robber (level 6, -2/28 HPs)
             Began as a Vine Stalker Necromancer on Jan 28, 2024.
             Slain by Eustachio
             ... wielding a +0 rapier
              (6 damage)
             ... on level 4 of the Dungeon.
             The game lasted 00:04:47 (3885 turns).

stipulation the Grave Robber (VSNe)                 Turns: 3885, Time: 00:04:47

Health: -2/28      AC:  2    Str: 11    XL:     6   Next: 40%
Magic:  0/14       EV: 12    Int: 17    God:
Gold:   178        SH:  0    Dex: 14    Spells: 10/14 levels left

rFire   . . .        o - +2 hand axe (heavy)
rCold   . . .        (no shield)
rNeg    . . .        a - +0 robe
rPois   +            (no helmet)
rElec   .            (no cloak)
rCorr   .            (no gloves)
SInv    .            (no boots)
Will    .....        r - amulet of the acrobat
Stlth   ++           l - ring of poison resistance
HPRegen 1.04/turn    (no ring)
MPRegen 0.14/turn

%: acrobat, guardian spirit
@: no status effects
A: fangs 2, regeneration 1, magic shield, antimagic bite, no potion heal 2
a: no special abilities


You were on level 4 of the Dungeon.
You visited 1 branch of the dungeon, and saw 4 of its levels.

You collected 178 gold pieces.

Inventory:

Hand Weapons
 o - a +2 heavy hand axe (weapon)
Missiles
 k - a throwing net
Armour
 a - a +0 robe (worn)
 j - a scarf of invisibility
Jewellery
 l - a ring of poison resistance (left hand)
 r - an amulet of the acrobat (around neck)
Scrolls
 c - a scroll of poison {unknown}
 e - a scroll of noise {unknown}
 f - a scroll of blinking {unknown}
 g - a scroll of teleportation
 i - a scroll of acquirement {unknown}
 p - a scroll of identify {unknown}
 q - a scroll of fear {unknown}
 s - a scroll of amnesia {unknown}
Potions
 d - 3 potions of attraction {unknown}
 h - 2 potions of curing {unknown}
 m - a potion of ambrosia {unknown}
 n - 4 potions of berserk rage {unknown}


   Skills:
 - Level 1.5 Dodging
 - Level 2.4 Stealth
 + Level 4.9 Spellcasting
 + Level 6.0 Necromancy


You had 10 spell levels left.
You knew the following spells:

 Your Spells              Type           Power      Damage    Failure   Level
a - Necrotise             Necr           96%        1d8       1%          1
b - Vampiric Draining     Necr           24%        2d7       3%          3

Your spell library contained the following spells:

 Spells                   Type           Power      Damage    Failure   Level
 Animate Dead             Necr           24%        N/A       12%         4
 Apportation              Tloc           8%         N/A       14%         1
 Jinxbite                 Hex            8%         N/A       22%         2
 Curse of Agony           Necr           24%        N/A       32%         5
 Alistair's Intoxication  Alch           2%         N/A       99%         5


Dungeon Overview and Level Annotations

Branches:
Dungeon (4/15)
 Temple: D:4-7

Altars:
Fedhas
Nemelex Xobeh

Annotations:
D:3 1 runed translucent door, exclusion: oklob plant, Biggs's ghost, amateur DgSh
D:4 Edmund; Eustachio


Innate Abilities, Weirdness & Mutations

You have extremely sharp teeth.
Your natural rate of healing is unusually fast.
When hurt, damage is shared between your health and your magic reserves.
Your bite disrupts and absorbs the magic of your enemies.
Potions cannot restore your health.


Message History

Eustachio hits you with a +0 rapier!
* * * LOW HITPOINT WARNING * * *
The quokka misses you. Magic courses through your body. The quokka bites you.
* * * LOW HITPOINT WARNING * * *
Eustachio mumbles some strange words.
Eustachio blinks!
The quokka barely misses you. The iron imp hits you!
* * * LOW HITPOINT WARNING * * *
Casting: Vampiric Draining (dangerous; 3% risk of failure)
Confirm with . or Enter, or press ? or * to list all spells.
You don't know that spell.
Unknown command.
The quokka misses you. The quokka attacks as it pursues you!
The quokka completely misses you. x2
The quokka twitches its whiskers.
The quokka misses you. The quokka barely misses you.
Casting: Vampiric Draining (dangerous; 3% risk of failure)
Confirm with . or Enter, or press ? or * to list all spells.
Aiming: Vampiric Draining (dangerous; 3% risk of failure)
Press: ? - help, Shift-Dir - straight line, f/p - Eustachio
Aim: Eustachio, wielding a +0 rapier and wearing a +0 leather armour (severely wounded)
You draw life force from Eustachio.
You feel life coursing into your body. The quokka bites you.
* * * LOW HITPOINT WARNING * * *
Eustachio hits you with a +0 rapier!
* * * LOW HITPOINT WARNING * * *
The quokka closely misses you. The quokka barely misses you.
Casting: Vampiric Draining (dangerous; 3% risk of failure)
Confirm with . or Enter, or press ? or * to list all spells.
You don't have enough magic to cast this spell.
Unknown command.
Casting: Vampiric Draining (dangerous; 3% risk of failure)
Confirm with . or Enter, or press ? or * to list all spells.
Aiming: Necrotise (safe; 1% risk of failure)
Press: ? - help, Shift-Dir - straight line, f/p - Eustachio
Aim: Eustachio, wielding a +0 rapier and wearing a +0 leather armour (almost dead, chance to affect: 83%) Eustachio barely resists.
The quokka completely misses you. Eustachio hits you with a +0 rapier!
You die...
Eustachio says, "Such is the fate of all honourless rascals."

#........# #.# .....#
#........# #.# .....#
#........#####.###......####
#.................. ........
######.####....######......#
#.# #................+
##+####....######......#
#..555rrr..'............
#...###@...######.?.####
#.ยง #.#.@..####.#...+ #.
#...........#...# #. #
#.#....####+###.# #.
#.#....##.......# #.
#.#######.......###.
#######.#######...........
#.............@.#.........
#........##...............


You could see Eustachio, an iron imp (summoned), a shadow imp (summoned), an
ufetubus (summoned) and 3 quokkas.

Vanquished Creatures
  A hound (D:3)
  3 orc wizards (D:3)
  A gnoll (D:4)
  5 adders
  2 dart slugs (D:2)
  15 orcs
  6 endoplasms
  6 giant cockroaches
  5 goblins
  9 hobgoblins
  6 jackals
  A kobold (D:2)
  4 quokkas
  9 ball pythons
  3 bats
  3 frilled lizards
  9 rats
88 creatures vanquished.

Vanquished Creatures (collateral kills)
  A jelly (D:4)
  An adder (D:4)
  A dart slug (D:2)
  A bat (D:3)
  A kobold (D:4)
5 creatures vanquished.

Grand Total: 93 creatures vanquished

Notes
Turn   | Place    | Note
-------+----------+-------------------------------------------
     0 | D:1      | stipulation the Vine Stalker Necromancer began the quest
                  | for the Orb.
     0 | D:1      | Reached XP level 1. HP: 9/9 MP: 4/4
   836 | D:2      | Reached XP level 2. HP: 13/13 MP: 2/6
  1109 | D:2      | Reached XP level 3. HP: 16/16 MP: 6/8
  1131 | D:2      | Found a sparkling altar of Nemelex Xobeh.
  1851 | D:3      | Found a blossoming altar of Fedhas.
  1869 | D:3      | Noticed an oklob plant
  2003 | D:3      | Reached XP level 4. HP: 21/21 MP: 5/10
  2197 | D:3      | Found a runed translucent door.
  2198 | D:3      | Noticed Biggs's ghost (amateur DgSh)
  2322 | D:3      | Reached skill level 5 in Necromancy
  2393 | D:3      | Reached XP level 5. HP: 5/24 MP: 1/11
  2540 | D:3      | Learned a level 3 spell: Vampiric Draining
  3216 | D:3      | Reached XP level 6. HP: 16/28 MP: 1/13
  3567 | D:4      | Noticed Edmund
  3721 | D:4      | Reached skill level 6 in Necromancy
  3872 | D:4      | Noticed Eustachio
  3885 | D:4      | Slain by Eustachio

Illustrated notes

Levels and vault maps discovered:
D:1:      eino_arrival_water_star, layout_loops_ring,
          nicolae_houndstooth_variations
D:2:      layout_loops_cross, basic_altar, minmay_pentomino_p4
D:3:      minmay_octagon_keep, layout_loops_ring, tgw_fedhas,
          hellmonk_ghost_happy_afterlife, minmay_misc_feat_room
D:4:      kennysheep_big_flooded_room, layout_basic, minmay_pentomino_pile,
          uniq_edmund, uniq_eustachio

Skill      XL: |  1  2  3  4  5  6 |
---------------+-------------------+-----
Spellcasting   | 3 4 |  4.9
Necromancy     | 5 6 |  6.0
Dodging        | |  1.5
Stealth        | |  2.4

Action                     |  1- 3 |  4- 6 || total
---------------------------+-------+-------++-------
  Melee: Unarmed           |    13 |       ||    13
         Bite              |     3 |    11 ||    14
         Hand axe          |       |    52 ||    52
   Cast: Necrotise         |    57 |    68 ||   125
         Vampiric Draining |       |     6 ||     6
    Use: Scroll            |     1 |     1 ||     2
         Potion            |       |     1 ||     1
 Armour: Robe              |    14 |    94 ||   108
  Dodge: Dodged            |    15 |   101 ||   116
